 Dungeon Crawl Stone Soup version 0.25.1-2-g60ff931df9 (webtiles) character file.

Game seed: 920753214627046214

6737 cancerJelly the Chopper (level 10, -3/84 HPs)
             Began as a Demigod Fighter on Dec 7, 2020.
             Splashed by a jelly's acid (4 damage)
             ... on level 9 of the Dungeon.
             The game lasted 00:46:47 (6846 turns).

cancerJelly the Chopper (Demigod Fighter)           Turns: 6846, Time: 00:46:48

Health: -3/84      AC:  8    Str: 23    XL:     10   Next: 47%
Magic:  14/14      EV:  9    Int: 15    God:
Gold:   601        SH: 11    Dex: 17    Spells: 9/9 levels left

rFire    + . .     SeeInvis .   i - +1 hand axe of Peril {drain, *Slow rF+ Int+3}
rCold    + . .     Gourm    .   c - +2 kite shield
rNeg     . . .     Faith    .   b - +0 scale mail
rPois    .         Spirit   .   (no helmet)
rElec    .         Reflect  .   (no cloak)
rCorr    .         Harm     .   q - +0 pair of gloves
MR       ++...                  (no boots)
Stlth    ..........             (no amulet)
HPRegen  0.24/turn              v - ring of protection from magic
MPRegen  0.14/turn              w - ring of protection from cold

@: heavily drained
A: high mp 1
a: no special abilities


You were on level 9 of the Dungeon.
You were not hungry.

You visited 1 branch of the dungeon, and saw 10 of its levels.

You collected 601 gold pieces.

Inventory:

Hand Weapons
 a - a +4 rapier
 d - a +3 morningstar
 h - a +0 mace
 i - the +1 hand axe of Peril (weapon) {drain, *Slow rF+ Int+3}
   (You found it on level 6 of the Dungeon)

   A truly terrible weapon, it drains the life of those it strikes.
   It affects your intelligence (+3).
   It protects you from fire.
   It may slow you when you take damage.
Missiles
 r - 47 arrows
Armour
 b - a +0 scale mail (worn)
 c - a +2 kite shield (worn)
 q - a +0 pair of gloves (worn)
Jewellery
 v - a ring of protection from magic (left hand)
 w - a ring of protection from cold (right hand)
Wands
 o - a wand of acid (3)
 t - a wand of flame (18)
Scrolls
 g - 2 scrolls of fog
 j - a scroll of fear
 m - a scroll of identify
 p - 4 scrolls of remove curse
 s - 4 scrolls of teleportation
Potions
 e - 2 potions of brilliance
 k - a potion of might
 l - a potion of haste
 x - a potion of curing
Miscellaneous
 y - a lightning rod (inert)
Comestibles
 f - 10 rations


   Skills:
 + Level 6.5(4.5) Fighting
 + Level 1.8(0.1) Short Blades
 + Level 7.5(6.8) Axes
 + Level 7.3(6.7) Maces & Flails
 + Level 6.3(4.3) Armour
 + Level 5.8(3.8) Dodging
 + Level 1.7(0.0) Stealth
 - Level 3.5(1.7) Shields
 + Level 1.4(0.0) Evocations


You had 9 spell levels left.
You didn't know any spells.
Your spell library contained the following spells:

 Spells                   Type           Power        Failure   Level  Hunger
 Animate Skeleton         Necr           N/A          98%         1    ##.....
 Foxfire                  Conj/Fire      #...         98%         1    ##.....
 Infusion                 Chrm           #...         98%         1    ##.....
 Magic Dart               Conj           #...         98%         1    ##.....
 Pain                     Necr           #...         98%         1    ##.....
 Blink                    Tloc           N/A          99%         2    ###....
 Call Imp                 Summ           #.......     99%         2    ###....
 Shroud of Golubria       Chrm/Tloc      #.....       99%         2    ###....
 Slow                     Hex            #.......     99%         2    ###....
 Song of Slaying          Chrm           #.......     99%         2    ###....
 Conjure Flame            Conj/Fire      #.......     100%        3    ####...
 Inner Flame              Hex/Fire       #.......     100%        3    ####...
 Mephitic Cloud           Conj/Pois/Air  #.......     100%        3    ####...
 Ozocubu's Armour         Chrm/Ice       #.......     100%        3    ####...
 Spectral Weapon          Hex/Chrm       #.......     100%        3    ####...
 Vampiric Draining        Necr           #.........   100%        3    ####...
 Animate Dead             Necr           N/A          100%        4    #####..
 Sticky Flame             Conj/Fire      #.......     100%        4    #####..
 Agony                    Necr           #.......     100%        5    ######.
 Fireball                 Conj/Fire      #.........   100%        5    ######.


Dungeon Overview and Level Annotations

Branches:
Dungeon (10/15)            Temple (0/1) D:7            Lair (0/6) D:10
    Orc: D:9-12

Annotations:
D:10 1 runed translucent door, charpy's ghost, novice DsIE


Innate Abilities, Weirdness & Mutations

You have an increased reservoir of magic. (+10% MP)


Message History

* * * LOW HITPOINT WARNING * * *
You block the wight's attack. The jelly barely misses you.
You closely miss the wight.
The wight is almost destroyed.
You hit the jelly.
Your hands burn!
* * * LOW HITPOINT WARNING * * *
You block the wight's attack. You block the jelly's attack.
You feel better. You block the wight's attack. The jelly closely misses you.
You hit the wight.
The wight is almost destroyed.
You hit the jelly. You drain the jelly.
Your hands burn!
* * * LOW HITPOINT WARNING * * *
The wight hits you with a +3 flail.
* * * LOW HITPOINT WARNING * * *
You feel drained.
* * * LOW HITPOINT WARNING * * *
The jelly hits you.
* * * LOW HITPOINT WARNING * * *
You are splashed with acid.
You die...

.........#..####..#.##
######...#........#..
###.#.####..####.##
#...#............#
##.####.#####......#
#..####.### ....###
##.......... ..#...
#........... ..###..
#.#.@)...... #.#....
#..)zJ....... .#....
##...........# ...(
#.......... ....
#.........> ...
...........
#...........
............


You could see a jelly (drained) and a wight.

Vanquished Creatures
  An unseen horror (D:10)
  A wizard (D:10)
  Joseph (D:7)
  Maggie (D:10)
  A troll (D:10)
  Prince Ribbit (D:9)
  A hippogriff (D:7)
  Sigmund (D:6)
  A spriggan (D:8)
  A hungry ghost (D:9)
  A steam dragon (D:9)
  A soldier ant (D:9)
  Duvessa (D:6)
  A water moccasin (D:8)
  4 sky beasts
  3 orc warriors
  An ice beast (D:6)
  A black bear (D:7)
  2 ogres
  2 centaurs
  A crocodile (D:10)
  2 bullfrogs
  A big kobold (D:9)
  A wyvern zombie (D:8)
  Dowan (D:6)
  2 scorpions
  A wyvern skeleton (D:7)
  8 killer bees
  3 wights (D:9)
  4 howler monkeys
  4 crimson imps
  7 hounds
  2 quasits
  2 orc priests
  5 orc wizards
  A bullfrog skeleton (D:8)
  2 centaur skeletons
  4 iguanas
  9 worker ants
  A hound zombie (D:6)
  A hound skeleton (D:5)
  A worker ant zombie (D:8)
  15 adders
  4 shadow imps
  An adder skeleton (D:5)
  An adder zombie (D:9)
  3 worms
  A dart slug (D:3)
  8 leopard geckos
  25 orcs
  A ball python (D:1)
  7 giant cockroaches
  13 goblins
  9 hobgoblins
  13 jackals
  3 quokkas
  8 bats
  3 frilled lizards
  13 kobolds
  2 leopard gecko skeletons (D:6)
  3 quokka skeletons
  4 rats (D:1)
227 creatures vanquished.

Vanquished Creatures (others)
  An orc wizard (D:3)
1 creature vanquished.

Grand Total: 228 creatures vanquished

Notes
Turn   | Place    | Note
-------+----------+-------------------------------------------
     0 | D:1      | cancerJelly the Demigod Fighter began the quest for the
                  | Orb.
     0 | D:1      | Reached XP level 1. HP: 18/18 MP: 3/3
   146 | D:1      | Reached XP level 2. HP: 16/26 MP: 4/4
  1073 | D:2      | Reached XP level 3. HP: 30/31 MP: 5/5
  1384 | D:2      | Reached skill level 1 in Maces & Flails
  1579 | D:2      | Found a snail-covered altar of Cheibriados.
  1686 | D:3      | Reached XP level 4. HP: 32/38 MP: 6/6
  1894 | D:3      | Reached XP level 5. HP: 32/45 MP: 7/7
  1934 | D:3      | Found a snail-covered altar of Cheibriados.
  2479 | D:4      | Noticed an ogre
  2490 | D:4      | Killed an ogre
  2490 | D:4      | Reached XP level 6. HP: 12/51 MP: 8/8
  2498 | D:4      | Reached skill level 1 in Dodging
  2520 | D:4      | Reached skill level 1 in Stealth
  2887 | D:4      | Found a radiant altar of Vehumet.
  2896 | D:4      | Found an ancient bone altar of Kikubaaqudgha.
  2897 | D:4      | Found a shimmering blue altar of Sif Muna.
  2987 | D:5      | Entered Level 5 of the Dungeon
  3073 | D:5      | Reached XP level 7. HP: 58/58 MP: 9/9
  3368 | D:5      | Reached skill level 5 in Maces & Flails
  3634 | D:5      | Found a hide-covered altar of Uskayaw.
  3636 | D:5      | Found an opulent altar of Gozag.
  3638 | D:5      | Found a glowing silver altar of Zin.
  3876 | D:6      | Reached XP level 8. HP: 32/66 MP: 10/10
  4025 | D:6      | Got a fine hand axe
  4070 | D:6      | Identified the +1 hand axe of Peril {drain, *Slow rF+
                  | Int+3} (You found it on level 6 of the Dungeon)
  4234 | D:6      | Noticed Duvessa
  4234 | D:6      | Noticed Sigmund
  4240 | D:6      | Noticed Dowan
  4250 | D:6      | Killed Duvessa
  4250 | D:6      | Reached skill level 1 in Axes
  4266 | D:6      | Killed Dowan
  4306 | D:6      | Killed Sigmund
  4661 | D:7      | Noticed Joseph
  4691 | D:7      | HP: 3/67 [Joseph/+2 vorpal quarterstaff (4)]
  4710 | D:7      | Killed Joseph
  4710 | D:7      | Reached skill level 5 in Fighting
  4756 | D:7      | Reached XP level 9. HP: 42/74 MP: 11/11
  4797 | D:7      | Reached skill level 5 in Armour
  5082 | D:7      | Found a staircase to the Ecumenical Temple.
  5395 | D:8      | Reached skill level 5 in Dodging
  5540 | D:8      | Found a sacrificial altar of Ru.
  5700 | D:8      | Reached skill level 5 in Axes
  5729 | D:8      | You fall into a shaft and drop 2 floors!
  5729 | D:10     | Entered Level 10 of the Dungeon
  5740 | D:10     | Noticed a wizard
  5751 | D:10     | Killed a wizard
  5844 | D:10     | Found a runed translucent door.
  5852 | D:10     | Found a shimmering altar of Xom.
  5852 | D:10     | Noticed charpy's ghost (novice DsIE)
  5853 | D:10     | Noticed a +2 broad axe of chaos
  5890 | D:10     | Found a staircase to the Lair.
  6024 | D:10     | Killed an unseen horror
  6024 | D:10     | Reached XP level 10. HP: 29/83 MP: 13/13
  6210 | D:10     | Noticed Maggie
  6223 | D:10     | Killed Maggie
  6530 | D:9      | Noticed Prince Ribbit
  6540 | D:9      | Killed Prince Ribbit
  6620 | D:9      | Reached skill level 1 in Evocations
  6844 | D:9      | HP: 1/84 [acid (4)]
  6846 | D:9      | Splashed by a jelly's acid

Illustrated notes

Levels and vault maps discovered:
D:1:      minmay_arrival_hallway, layout_basic, minmay_misc_feat_iff,
          minivault_23, hex_intersection, minmay_tromino_v2
D:2:      layout_basic, lemuel_crystal_altar
D:3:      layout_basic, kennysheep_slug_shrine
D:4:      layout_rooms, grunt_temple_overflow_magic_moments, first_ration
D:5:      layout_cave_pods, grunt_temple_overflow_diamond
D:6:      layout_basic, minmay_misc_feat_columns, uniq_sigmund, uniq_duvessa
D:7:      layout_basic, minmay_temple_entry_arrows, uniq_joseph
D:8:      layout_loops_ring, nicolae_ru_the_path_less_chosen, grunt_pizzeria
D:9:      layout_rooms, orc_0_dummy, minivault_20, uniq_prince_ribbit1
D:10:     layout_roguey, lair_entry_dummy, ebering_ghost_xom, minivault_24,
          lightli_wizard_tower, uniq_maggie

Skill      XL: |  1  2  3  4  5  6  7  8  9 10 |
---------------+-------------------------------+-----
Fighting       | 3 4 5 6 |  6.5
Shields        | 3 |  3.5
Armour         | 3 4 5 6 |  6.3
Maces & Flails | 1 2 4 6 7 |  7.3
Dodging        | 1 2 3 5 |  5.8
Stealth        | 1 |  1.7
Axes           | 3 6 7 |  7.5
Evocations     | 1 |  1.4
Short Blades   | |  1.8

Action                   |  1- 3 |  4- 6 |  7- 9 | 10-12 || total
-------------------------+-------+-------+-------+-------++-------
Melee: Rapier            |    20 |       |       |       ||    20
       Mace              |   171 |   124 |       |       ||   295
       Morningstar       |       |    81 |   135 |       ||   216
       Hand axe          |       |       |   340 |   163 ||   503
Evoke: Wand              |       |       |     5 |    10 ||    15
       Lightning rod     |       |       |       |     4 ||     4
  Use: Scroll            |     5 |     7 |    13 |     5 ||    30
       Potion            |       |     6 |     9 |     3 ||    18
  Eat: Ration            |     1 |     2 |     3 |     1 ||     7
Armor: Scale mail        |   112 |    61 |   198 |    49 ||   420
       Skin              |       |    10 |    59 |       ||    69
Dodge: Dodged            |    66 |    65 |   181 |    67 ||   379
Block: Kite shield       |   127 |   129 |   307 |   125 ||   688
